 Dungeon Crawl Stone Soup version 0.26-b1-32-g5d43845318 (webtiles) character file.

Game seed: 11356668301734310773

663 raceaflais the Grave Robber (level 7, -21/49 HPs)
             Began as a Mummy Necromancer on Jan 4, 2021.
             Killed from afar by an orc wizard (43 damage)
             ... with an exploding inner flame
             ... on level 4 of the Dungeon on Jan 5, 2021.
             The game lasted 00:21:38 (5796 turns).

raceaflais the Grave Robber (Mummy Necromancer)     Turns: 5796, Time: 00:21:39

Health: -21/49     AC: 11    Str: 11    XL:     7   Next: 31%
Magic:  13/15      EV: 12    Int: 16    God:
Gold:   202        SH:  0    Dex: 13    Spells: 16/17 levels left

rFire    x . .     SeeInvis .   d - +2 hand axe (vamp)
rCold    + . .     Faith    .   (no shield)
rNeg     + + +     Spirit   .   a - +1 robe
rPois    ∞         Reflect  .   (no helmet)
rElec    .         Harm     .   q - +0 cloak
rCorr    .         Rampage  .   c - +2 pair of gloves
Will     .....                  (no boots)
Stlth    +++.......             (no amulet)
HPRegen  0.16/turn              f - ring of stealth
MPRegen  0.14/turn              m - +4 ring of protection

@: no status effects
A: no potions, fire vulnerability, cold resistance 1, negative energy resistance
3, torment resistance, unbreathing
a: no special abilities


You were on level 4 of the Dungeon.
You visited 1 branch of the dungeon, and saw 4 of its levels.

You collected 202 gold pieces.

Inventory:

Hand Weapons
 d - a +2 vampiric hand axe (weapon)
 g - a +5 dagger
 h - a +2 short sword of freezing
 i - a +0 dagger of speed
 j - a +0 spear of freezing
 n - a +1 dagger of protection
Missiles
 b - 158 stones
 e - 39 sling bullets
 l - 12 arrows
Armour
 a - a +1 robe (worn)
 c - a +2 pair of gloves (worn)
 q - a +0 cloak (worn)
Jewellery
 f - a ring of stealth (left hand)
 m - a +4 ring of protection (right hand)
Wands
 p - a wand of paralysis (4)
Scrolls
 k - 2 scrolls of remove curse


   Skills:
 + Level 1.9 Fighting
 + Level 0.3 Short Blades
 + Level 2.5 Axes
 + Level 2.3 Dodging
 + Level 2.3 Stealth
 + Level 5.6 Spellcasting
 + Level 6.0 Necromancy


You had 16 spell levels left.
You knew the following spells:

 Your Spells              Type           Power        Failure   Level
a - Pain                  Necr           92%          1%          1

Your spell library contained the following spells:

 Spells                   Type           Power        Failure   Level
 Animate Skeleton         Necr           46%          1%          1
 Vampiric Draining        Necr           11%          3%          3
 Animate Dead             Necr           11%          12%         4
 Agony                    Necr           23%          32%         5


Dungeon Overview and Level Annotations

Branches:
Dungeon (4/15)
 Temple: D:4-7

Altars:
Nemelex Xobeh

Annotations:
D:4 Dowan, Duvessa


Innate Abilities, Weirdness & Mutations

You do not drink.
Your flesh is vulnerable to fire.
You are immune to poison.
Your flesh is cold resistant. (rC+)
You are immune to negative energy. (rN+++)
You are immune to unholy pain and torment.
You can survive without breathing.


Message History

Okay, then.
Really read the scroll of immolation? [Y]es or [N]o only, please.
Really read the scroll of immolation?
As you read the scroll of immolation, it crumbles to dust.
The creatures around you are filled with an inner flame!
The orc wizard hits you with a +0 dagger.
Casting: Pain (safe; 1% risk of failure)
Confirm with . or Enter, or press ? or * to list all spells.
Aiming: Pain (safe; 1% risk of failure)
Press: ? - help, Shift-Dir - straight line, f/p - orc wizard
Aim: an orc wizard, wielding a +0 dagger and wearing a +0 robe (heavily wounded, inner flame, chance to affect: 83%)
The orc wizard writhes in agony.
Flame seeps out of the orc wizard.
The orc wizard is engulfed in blazing flames.
The orc wizard explodes!
The fiery explosion engulfs the worker ant!!!
The fiery explosion engulfs the orc priest!!!
The fiery explosion engulfs you!!! The fire burns you terribly!
Ouch! That really hurt!
You die...

....... ##...##.## #.
....... #>..##.# ##
....... ..######..# #
....... #........## #
....e ######..#######
... ####.........
#o## ###)...#.###...
..###e.####........#
####
......o§○@...#.######
...#######.#...# .
#..!### ##.## ###


You could see Duvessa (inner flame) and 2 orcs.

Vanquished Creatures
  2 elf skeletons (D:4)
  A howler monkey (D:4)
  An orc wizard (D:4)
  A hound (D:4)
  3 human zombies (D:4)
  2 orc priests (D:4)
  A bullfrog skeleton (D:4)
  2 human skeletons (D:4)
  3 worker ants
  8 adders
  3 gnolls (D:3)
  2 river rats (D:3)
  A white imp (D:3)
  An ooze (D:4)
  An adder skeleton (D:4)
  3 worms (D:2)
  A dart slug (D:3)
  3 leopard geckos
  6 orcs
  3 ball pythons
  11 bats
  7 giant cockroaches
  8 goblins
  11 hobgoblins
  5 jackals (D:3)
  7 kobolds
  A quokka (D:3)
  5 frilled lizards
  An orc skeleton (D:4)
  3 orc zombies (D:4)
  5 rats
112 creatures vanquished.

Notes
Turn   | Place    | Note
-------+----------+-------------------------------------------
     0 | D:1      | raceaflais the Mummy Necromancer began the quest for the
                  | Orb.
     0 | D:1      | Reached XP level 1. HP: 13/13 MP: 4/4
   409 | D:1      | Reached XP level 2. HP: 19/19 MP: 2/5
  1299 | D:1      | Reached XP level 3. HP: 24/24 MP: 2/7
  2249 | D:2      | Reached XP level 4. HP: 27/30 MP: 7/10
  2689 | D:2      | Reached skill level 5 in Necromancy
  3121 | D:3      | Reached XP level 5. HP: 34/36 MP: 8/11
  3279 | D:3      | Reached skill level 5 in Spellcasting
  3832 | D:3      | Found a sparkling altar of Nemelex Xobeh.
  4333 | D:3      | Reached skill level 1 in Fighting
  4496 | D:4      | Noticed Duvessa
  4496 | D:4      | Noticed Dowan
  4552 | D:4      | Reached XP level 6. HP: 41/43 MP: 10/13
  5218 | D:4      | Reached skill level 1 in Axes
  5369 | D:4      | Reached skill level 6 in Necromancy
  5369 | D:4      | Reached XP level 7. HP: 45/49 MP: 15/15
  5796 | D:4      | Killed from afar by an orc wizard

Illustrated notes

Levels and vault maps discovered:
D:1:      dpeg_arrival_circle_labyrinth_a, layout_loops_corners,
          kennysheep_flooded_box
D:2:      layout_loops_ring, minmay_tiny_reverse_x
D:3:      layout_loops_ring, portal_sewer_entry_b, lemuel_statue_altar
D:4:      layout_rooms, nicolae_ossuary_entry_catacombs, serial_shops, shop,
          uniq_duvessa

Skill      XL: |  1  2  3  4  5  6  7 |
---------------+----------------------+-----
Spellcasting   | 3 4 5 |  5.6
Necromancy     | 5 6 |  6.0
Fighting       | 1 |  1.9
Dodging        | 2 |  2.3
Axes           | 1 2 |  2.5
Stealth        | 2 |  2.3
Short Blades   | |  0.3

Action                   |  1- 3 |  4- 6 |  7- 9 || total
-------------------------+-------+-------+-------++-------
Melee: Dagger            |     4 |     6 |       ||    10
       Short sword       |       |    17 |       ||    17
       Hand axe          |       |   180 |    58 ||   238
 Cast: Pain              |    85 |   100 |    11 ||   196
Evoke: Wand              |       |     1 |       ||     1
  Use: Scroll            |     3 |     8 |     1 ||    12
 Stab: Sleeping          |       |     3 |     1 ||     4
Armor: Robe              |     4 |    75 |    21 ||   100
Dodge: Dodged            |    14 |   157 |    27 ||   198
